 Dungeon Crawl Stone Soup version 0.25.0-9-g26727b657a (webtiles) character file.

Game seed: 9126104957664301572

722 Flugkiller the Chopper (level 7, 29/64 HPs)
             Began as a Deep Dwarf Fighter on June 20, 2020.
             Was an Initiate of Makhleb.
             Quit the game on level 5 of the Dungeon.
             The game lasted 00:01:42 (2117 turns).

Flugkiller the Chopper (Deep Dwarf Fighter)         Turns: 2117, Time: 00:01:42

Health: 29/64      AC:  7    Str: 21    XL:     7   Next: 43%
Magic:  1/1        EV:  7    Int:  9    God:    Makhleb [......]
Gold:   178        SH: 10    Dex: 12    Spells: 6/6 levels left

rFire    . . .     SeeInvis .   a - +0 war axe
rCold    . . .     Gourm    .   c - +0 kite shield
rNeg     . . .     Faith    +   b - +0 scale mail
rPois    .         Spirit   .   (no helmet)
rElec    .         Reflect  .   (no cloak)
rCorr    .         Harm     .   (no gloves)
MR       +....                  (no boots)
Stlth    ..........             r - amulet of faith
HPRegen  0.00/turn              (no ring)
MPRegen  0.07/turn              (no ring)

@: non-regenerating
A: damage resistance, heal wounds, sense surroundings 1, no regeneration
a: Heal Wounds, Renounce Religion


You were on level 5 of the Dungeon.
You worshipped Makhleb.
Makhleb was noncommittal.
You were not hungry.

You visited 2 branches of the dungeon, and saw 6 of its levels.

You collected 178 gold pieces.

Inventory:

Hand Weapons
 a - a +0 war axe (weapon)
Armour
 b - a +0 scale mail (worn)
 c - a +0 kite shield (worn)
Jewellery
 r - an amulet of faith (around neck)
   (You found it on level 3 of the Dungeon)
Wands
 v - a wand of digging (4)
   (You took it off Blork the orc on level 5 of the Dungeon)
Scrolls
 f - a scroll of immolation {unknown}
 g - 4 scrolls of identify {unknown}
 i - a scroll of teleportation {unknown}
 k - 2 scrolls of enchant weapon {unknown}
 m - 2 scrolls of noise {unknown}
 p - 2 scrolls of remove curse {unknown}
 q - a scroll of fear {unknown}
Potions
 d - a potion of might
 h - a potion of brilliance {unknown}
 j - a potion of berserk rage {unknown}
 l - a potion of flight {unknown}
 n - a potion of degeneration {unknown}
 o - a potion of lignification {unknown}
Comestibles
 e - 4 rations


   Skills:
 + Level 4.2 Fighting
 * Level 6.0 Axes
 + Level 5.1 Armour
 + Level 5.1 Shields
 + Level 0.7 Invocations


You had 6 spell levels left.
You didn't know any spells.
Your spell library was empty.

Dungeon Overview and Level Annotations

Branches:
Dungeon (5/15)             Temple (1/1) D:5

Altars:
Elyvilon
Fedhas
Makhleb
Trog
Vehumet
Yredelemnul

Annotations:
D:5 Prince Ribbit


Innate Abilities, Weirdness & Mutations

You are resistant to damage.
You can heal yourself by infusing magical energy.
You passively map a small area around you.
You do not regenerate.


Message History

You are too injured to fight recklessly!
You are too injured to fight recklessly!
You are too injured to fight recklessly!
You fail to use your ability.
Prince Ribbit croaks regally.
Prince Ribbit hits you. Prince Ribbit hits you!
* * * LOW HITPOINT WARNING * * *
You are too injured to fight recklessly!
You are too injured to fight recklessly!
You are too injured to fight recklessly!
You feel much better. Prince Ribbit closely misses you.
You fail to use your ability.
Prince Ribbit hits you!
* * * LOW HITPOINT WARNING * * *
Prince Ribbit hits you!
* * * LOW HITPOINT WARNING * * *
Evoke which item? (* to show all) (? for menu, Esc to quit)
Okay, then.
You feel much better.
Prince Ribbit blinks!
You fail to use your ability.
Are you sure you want to abandon this character and quit the game? (Confirm with "yes".)

.##
#......)...................
##
##..#######...#####..[....##
# #..## ##### ###....## #
##.## #....# # #..#########
#....## # ##.........##
###.....# #
########...######.......## #
#...##.....###....# ##
##.@..F.##### ##[..# .##
####* ##.ยง##..## ##...#
..###...#*
##.#####..#######....#
.........###.##
#.............#
.#...###.....#
##.........##.. ###.##
##...## ########..###. .#
##..######### #..# ## * #
#..........# #..# # #
#......##..#######..#


You could see Prince Ribbit.

Vanquished Creatures
  Eustachio (D:5)
  A sky beast (D:5)
  2 centaurs (D:5)
  Blork the orc (D:5)
  A scorpion (D:4)
  A hound (D:5)
  4 worker ants
  4 adders
  3 oozes
  2 dart slugs
  A leopard gecko (D:4)
  4 orcs
  6 giant cockroaches
  4 goblins
  A hobgoblin (D:1)
  3 quokkas
  2 bats (D:2)
  3 frilled lizards
  4 kobolds
  A leopard gecko zombie (D:5)
  4 rats
53 creatures vanquished.

Notes
Turn   | Place    | Note
-------+----------+-------------------------------------------
     0 | D:1      | Flugkiller the Deep Dwarf Fighter began the quest for the
                  | Orb.
     0 | D:1      | Reached XP level 1. HP: 20/20 MP: 1/1
    45 | D:1      | Reached XP level 2. HP: 25/27 MP: 2/2
   290 | D:2      | Reached skill level 3 in Axes
   290 | D:2      | Reached XP level 3. HP: 27/33 MP: 3/3
   582 | D:3      | Reached XP level 4. HP: 30/42 MP: 4/4
   829 | D:4      | Reached skill level 4 in Axes
   829 | D:4      | Reached XP level 5. HP: 48/49 MP: 5/5
  1166 | D:5      | Entered Level 5 of the Dungeon
  1184 | D:5      | Noticed Eustachio
  1233 | D:5      | Killed Eustachio
  1233 | D:5      | Reached XP level 6. HP: 49/57 MP: 6/6
  1282 | D:5      | Reached skill level 5 in Axes
  1532 | D:5      | Noticed a sky beast
  1548 | D:5      | Killed a sky beast
  1749 | D:5      | Reached skill level 5 in Shields
  1749 | D:5      | Reached XP level 7. HP: 41/64 MP: 5/5
  1771 | D:5      | Found a staircase to the Ecumenical Temple.
  1790 | D:5      | Noticed Blork the orc
  1804 | D:5      | Killed Blork the orc
  1804 | D:5      | Reached skill level 5 in Armour
  1832 | Temple   | Entered the Ecumenical Temple
  1877 | Temple   | Became a worshipper of Makhleb the Destroyer
  1912 | D:5      | Reached skill level 6 in Axes
  1915 | D:5      | Found a blossoming altar of Fedhas.
  1996 | D:5      | Noticed Prince Ribbit
  2117 | D:5      | Quit the game

Illustrated notes

Levels and vault maps discovered:
D:1:      minmay_arrival_doors, layout_loops_cross, minmay_misc_feat_columns
D:2:      layout_basic
D:3:      layout_rooms, lemuel_coloured_pillars_altar
D:4:      layout_basic, first_ration, nrook_mini_backslash,
          kennysheep_nondescript
D:5:      layout_layer_cave, fedhas_altar_1, minmay_temple_entry_overgrown,
          uniq_blork_the_orc, uniq_prince_ribbit1, uniq_eustachio
Temple:   minmay_crystal_spiral_temple

Skill      XL: |  1  2  3  4  5  6  7 |
---------------+----------------------+-----
Axes           | 3 4 5 6 |  6.0
Fighting       | 3 4 |  4.2
Armour         | 4 5 |  5.1
Shields        | 4 5 |  5.1
Invocations    | |  0.7

Action                   |  1- 3 |  4- 6 |  7- 9 || total
-------------------------+-------+-------+-------++-------
Melee: War axe           |    89 |   135 |    69 ||   293
 Abil: Heal Wounds       |       |     6 |    11 ||    17
  Eat: Ration            |       |     1 |       ||     1
       Chunk             |       |       |     1 ||     1
Armor: Scale mail        |    43 |    84 |     9 ||   136
Dodge: Dodged            |    21 |    54 |    17 ||    92
Block: Kite shield       |    52 |    88 |    43 ||   183
